 Dungeon Crawl Stone Soup version 0.28-a0-863-g8cecda6153 (webtiles) character file.

Game seed: 17445529691932970230

1794 meatgazer the Agent of Entropy (level 8, -8/65 HPs)
             Began as a Demonspawn Abyssal Knight on Nov 17, 2021.
             Was a Priest of Lugonu.
             Mangled by a gnoll sergeant (12 damage)
             ... on level 6 of the Dungeon.
             The game lasted 00:11:11 (8665 turns).

meatgazer the Agent of Entropy (DsAK)               Turns: 8665, Time: 00:11:12

Health: -8/65      AC:  6    Str: 19    XL:     8   Next: 82%
Magic:  6/14       EV: 11    Int: 11    God:    Lugonu [***...]
Gold:   314        SH:  0    Dex: 23    Spells: 8/12 levels left

rFire   . . .      SeeInvis .   a - +1 spear
rCold   . . .      Faith    .   (no shield)
rNeg    . . .      Spirit   .   d - +1 leather armour of the End {rF- Str+4 Dex+4}
rPois   +          Reflect  .   (helmet restricted)
rElec   +          Harm     .   (no cloak)
rCorr   .          Rampage  .   f - +1 pair of gloves
Will    .....                   (no boots)
Stlth   ++........              (no amulet)
HPRegen 0.20/turn               b - ring "Leoq" {rElec rPois rF+ Dex-2 Slay+4}
MPRegen 0.14/turn               h - +6 ring of dexterity

@: lethally poisoned (-8 -> -14), freezing walls, very slightly contaminated,
hasted, very quick
A: antennae 1, demonic magic 2
a: Renounce Religion, Depart the Abyss, Bend Space, Banish


You were on level 6 of the Dungeon.
You worshipped Lugonu.
Lugonu was most pleased with you.
You visited 1 branch of the dungeon, and saw 6 of its levels.
You visited the Abyss 1 time.

You collected 314 gold pieces.

Inventory:

Hand Weapons
 a - a +1 spear (weapon)
Missiles
 k - a throwing net
Armour
 d - the +1 leather armour of the End (worn) {rF- Str+4 Dex+4}
   (You found it on level 2 of the Abyss)

   Str:       It affects your strength (+4).
   Dex:       It affects your dexterity (+4).
   rF:        It makes you vulnerable to fire.
 f - a +1 pair of gloves (worn)
 o - the +1 leather armour of Kaxoeden {Str+3 Int+3 Stlth+}
   (You found it on level 5 of the Dungeon)

   Str:       It affects your strength (+3).
   Int:       It affects your intelligence (+3).
   Stlth:     It makes you more stealthy.
Magical Staves
 c - a staff of earth
Jewellery
 b - the ring "Leoq" (left hand) {rElec rPois rF+ Dex-2 Slay+4}
   (You acquired it on level 1 of the Dungeon)

   [ring of slaying]

   Dex:       It affects your dexterity (-2).
   Slay:      It affects your accuracy & damage with ranged weapons and melee
   (+4).
   rF:        It protects you from fire.
   rElec:     It insulates you from electricity.
   rPois:     It protects you from poison.
 h - a +6 ring of dexterity (right hand)
Wands
 l - a wand of iceblast (6)
Scrolls
 e - a scroll of identify
 i - a scroll of fog
 j - a scroll of magic mapping
Potions
 g - 2 potions of haste
 m - a potion of flight


   Skills:
 * Level 6.6 Fighting
 * Level 5.7 Polearms
 - Level 1.7 Armour
 - Level 0.8 Dodging
 + Level 2.9 Spellcasting
 + Level 2.8 Ice Magic
 * Level 8.1 Invocations


You had 8 spell levels left.
You knew the following spells:

 Your Spells              Type           Power      Damage    Failure   Level
a - Freeze                Ice            28%        1d5       10%         1
b - Frozen Ramparts       Ice            14%        1d3       28%         3

Your spell library contained the following spells:

 Spells                   Type           Power      Damage    Failure   Level
 Apportation              Tloc           2%         N/A       32%         1
 Hailstorm                Conj/Ice       4%         3d4       86%         4
 Alistair's Intoxication  Tmut/Pois      0%         N/A       100%        5


Dungeon Overview and Level Annotations

Branches:
Dungeon (6/15)
 Temple: D:4-7

Altars:
Hepliaklqana


Innate Abilities, Weirdness & Mutations

You have a pair of small antennae on your head.
Spells you cast may paralyse nearby enemies.


Message History

You hit the centaur but do no damage.
The centaur is severely wounded.
The centaur is no longer paralysed.
The wall freezes the centaur.
The centaur hits you but does no damage.
The centaur kicks you.
* * * LOW HITPOINT WARNING * * *
The centaur skeleton completely resists.
The wall freezes the centaur skeleton but does no damage.
The centaur skeleton hits you but does no damage.
The centaur skeleton kicks you but does no damage.
You hit the centaur.
You kill the centaur!
Lugonu accepts your kill.
The centaur skeleton completely resists.
The wall freezes the centaur skeleton but does no damage.
The centaur skeleton hits you but does no damage.
The centaur skeleton kicks you but does no damage.
The wall freezes the gnoll sergeant.
The gnoll sergeant hits you from afar with a +0 trident of venom!
* * * LOW HITPOINT WARNING * * *
The centaur skeleton completely resists.
The wall freezes the centaur skeleton but does no damage.
The centaur skeleton hits you but does no damage.
The centaur skeleton barely misses you.
You puncture the centaur skeleton!
The centaur skeleton is heavily damaged.
The wall freezes the gnoll sergeant.
The gnoll sergeant hits you from afar with a +0 trident of venom.
* * * LOW HITPOINT WARNING * * *
You are lethally poisoned!
The centaur skeleton completely resists.
The wall freezes the centaur skeleton but does no damage.
The centaur skeleton hits you.
* * * LOW HITPOINT WARNING * * *
The centaur skeleton completely misses you.
You feel yourself speed up.
* * * LOW HITPOINT WARNING * * *
You feel sick.
The wall freezes the gnoll sergeant.
The gnoll sergeant hits you from afar with a +0 trident of venom!
You die...

############ .#
...........#..#
...........#'##
...........'...
.....g.)...#
#'##@...#
#..Z....#
#..#....#
##'#....### #
##..)..#
#...#[....+
+....#
...#.....#
#....#
#..#.....#
#####....
#..##....#


You could see a gnoll sergeant and a centaur skeleton.

Vanquished Creatures
  A shadow (D:6)
  A sky beast (D:5)
  3 ogres
  A centaur (D:6)
  A phantom (D:5)
  A kobold brigand (D:3)
  A gnoll sergeant (D:5)
  4 scorpions
  A water moccasin zombie (D:5)
  A howler monkey (D:6)
  A bullfrog zombie (D:5)
  2 hounds (D:5)
  2 bullfrog skeletons
  A centaur skeleton (D:4)
  2 iguanas (D:5)
  A scorpion zombie (D:5)
  2 hound skeletons (D:4)
  14 gnolls
  3 adders
  An adder skeleton (D:2)
  2 worms
  A dart slug (D:1)
  13 orcs
  12 ball pythons
  2 bats (D:1)
  8 endoplasms
  4 giant cockroaches
  12 goblins
  8 hobgoblins
  5 jackals
  51 kobolds
  A quokka (D:3)
  3 frilled lizards
  4 rats
170 creatures vanquished.

Notes
Turn   | Place    | Note
-------+----------+-------------------------------------------
     0 | Abyss:1  | meatgazer the Demonspawn Abyssal Knight began the quest for
                  | the Orb.
     0 | Abyss:1  | Reached XP level 1. HP: 18/18 MP: 2/2
     0 | Abyss:1  | Found a corrupted altar of Lugonu.
    13 | Abyss:2  | Found a corrupted altar of Lugonu.
    22 | Abyss:2  | Found a corrupted altar of Lugonu.
    26 | Abyss:2  | Noticed an iron imp
    31 | Abyss:2  | Identified the +1 leather armour of the End {rF- Str+4
                  | Dex+4}
    64 | Abyss:2  | Noticed a small abomination
    68 | Abyss:2  | Noticed a small abomination
    70 | D:1      | Escaped the Abyss
   322 | D:1      | Reached * piety under Lugonu
   421 | D:1      | Gained mutation: You have a pair of small antennae on your
                  | head. [demonic ancestry]
   421 | D:1      | Reached XP level 2. HP: 24/24 MP: 4/4
   430 | D:1      | Reached skill level 3 in Invocations
   729 | D:1      | Identified a scroll of acquirement
   729 | D:1      | Acquired the ring "Leoq" {rElec rPois rF+ Dex-2 Slay+4}
   797 | D:1      | Reached XP level 3. HP: 29/29 MP: 5/5
  1042 | D:1      | Reached ** piety under Lugonu
  1432 | D:2      | Reached XP level 4. HP: 5/37 MP: 6/6
  1773 | D:2      | Found a faded altar of an unknown god.
  1801 | D:2      | Reached skill level 4 in Invocations
  2243 | D:2      | Found a hazy altar of Hepliaklqana.
  2919 | D:3      | Gained mutation: Spells you cast may paralyse adjacent
                  | enemies. [demonic ancestry]
  2919 | D:3      | Reached XP level 5. HP: 25/42 MP: 8/8
  3539 | D:3      | Learned a level 1 spell: Freeze
  3594 | D:3      | Reached *** piety under Lugonu
  4045 | D:3      | Reached skill level 5 in Invocations
  4111 | D:3      | Reached XP level 6. HP: 32/49 MP: 9/9
  4962 | D:4      | Reached skill level 1 in Spellcasting
  4962 | D:4      | Reached skill level 1 in Ice Magic
  5402 | D:4      | Reached **** piety under Lugonu
  5403 | D:4      | Gained mutation: Spells you cast may paralyse nearby
                  | enemies. [demonic ancestry]
  5403 | D:4      | Reached XP level 7. HP: 27/55 MP: 11/11
  5694 | D:4      | Learned a level 3 spell: Frozen Ramparts
  5771 | D:4      | Reached skill level 5 in Fighting
  6209 | D:5      | Entered Level 5 of the Dungeon
  6245 | D:5      | Reached skill level 6 in Invocations
  7034 | D:5      | Reached XP level 8. HP: 36/64 MP: 13/13
  7215 | D:5      | Reached skill level 7 in Invocations
  7306 | D:5      | Reached skill level 5 in Polearms
  7425 | D:5      | Identified the +1 leather armour of Kaxoeden {Str+3 Int+3
                  | Stlth+}
  8649 | D:6      | Reached skill level 8 in Invocations
  8665 | D:6      | Mangled by a gnoll sergeant

Illustrated notes

Levels and vault maps discovered:
D:1:      minmay_arrival_widening_spiral_wide, layout_loops_ring
D:2:      layout_loops_ring, ebering_ecumenical_altar_sacrificial, basic_altar,
          serial_park_tiny_pond
D:3:      minmay_goblin_kobold_castle, layout_loops_ring
D:4:      layout_gridville, minmay_ogre_servants
D:5:      minmay_skewed_foursquare, layout_basic
D:6:      minmay_cornered_nines, layout_gridville, minmay_temple_entry_waves

Skill      XL: |  1  2  3  4  5  6  7  8 |
---------------+-------------------------+-----
Polearms       | 2 3 4 5 |  5.7
Invocations    | 3 4 5 6 8 |  8.1
Fighting       | 4 5 6 |  6.6
Spellcasting   | 1 2 |  2.9
Ice Magic      | 1 2 |  2.8
Armour         | |  1.7
Dodging        | |  0.8

Action                   |  1- 3 |  4- 6 |  7- 9 || total
-------------------------+-------+-------+-------++-------
Melee: Spear             |    91 |   242 |   211 ||   544
 Cast: Freeze            |       |       |     4 ||     4
       Frozen Ramparts   |       |       |     2 ||     2
Invok: Depart the Abyss  |     1 |       |       ||     1
       Banish            |       |       |     1 ||     1
  Use: Scroll            |     2 |     6 |     3 ||    11
       Potion            |       |     7 |     1 ||     8
 Stab: Sleeping          |     1 |     2 |     6 ||     9
       Fleeing           |       |     1 |       ||     1
       Paralysed         |       |       |     8 ||     8
Armor: Leather armour    |    30 |    53 |    62 ||   145
Dodge: Dodged            |    35 |   104 |    87 ||   226

Table legend: (Time is in decaauts)
 A = Elapsed time spent in this place.
 B = Non-inter-level travel time spent in this place.
 C = Inter-level travel time spent in this place.
 D = Time resting spent in this place.
 E = Time spent auto-exploring this place.
 F = Levels seen in this place.
 G = Mean time per level.
                   A        B        C        D        E       F      G
               +--------+--------+--------+--------+--------+-----+--------+
         Total |   8617 |   8459 |    158 |   3052 |   4236 |   8 | 1077.1 |
       Dungeon |   8547 |   8389 |    158 |   3052 |   4229 |   6 | 1424.5 |
         Abyss |     69 |     69 |      0 |      0 |      7 |   2 |   34.5 |
               +--------+--------+--------+--------+--------+-----+--------+

Top non-repeatable levels by time:
     D:3: 2495 daAuts
     D:5: 2149 daAuts
     D:1: 1393 daAuts
     D:4: 1356 daAuts
     D:2: 872 daAuts
     D:6: 279 daAuts
 Abyss:2: 57 daAuts
 Abyss:1: 12 daAuts
